 Dungeon Crawl Stone Soup version 0.21.1-1-g345015fe64 (webtiles) character file.

82841 Fascinator the Fighter (level 15, -2/122 HPs)
             Began as a Gnoll Wanderer on July 25, 2018.
             Was the Champion of Ru.
             Killed from afar by Chudej's ghost (21 damage)
             ... with a lance of force
             ... on level 14 of the Dungeon on July 27, 2018.
             The game lasted 02:24:21 (27042 turns).

Fascinator the Fighter (Gnoll Wanderer)            Turns: 27042, Time: 02:24:22

Health: -2/122     AC: 12    Str: 14    XL:     15   Next: 75%
Magic:  13/29      EV: 17    Int: 22    God:    Ru [******]
Gold:   1063       SH: 17    Dex: 28    Spells: 11/34 levels left

rFire    + + .     SeeInvis .   M - +9 hunting sling of Patience {freeze, Fragile rPois Int-2 Dex+8}
rCold    + + .     Gourm    .   I - +4 shield {AC+3}
rNeg     . . .     Faith    .   A - +0 leather armour "Kixij" {Int+3}
rPois    +         Spirit   .   x - +2 hat {Int+3}
rElec    +         Reflect  .   O - +0 cloak
rCorr    .         Harm     .   U - +0 pair of gloves
MR       +....                  (no boots)
Stlth    ..........             B - amulet "Baohu" {RegenMP +Fly rElec rF+ rC++ Stlth-}
HPRegen  0.30/turn              X - +4 ring of intelligence
MPRegen  0.46/turn              h - ring of protection from fire

@: no potions, hasted, very quick
A: distributed training, fangs 1, clumsy 1, inability to drink while threatened,
no stealth, hated by all, reduced EV 1, inexperienced 1, strong nose
a: Draw Out Power, Power Leap, Apocalypse, Renounce Religion, Evoke Flight


You were on level 14 of the Dungeon.
You worshipped Ru.
Ru was exalted by your worship.
You were not hungry.

You visited 6 branches of the dungeon, and saw 25 of its levels.

You collected 2228 gold pieces.
You spent 1165 gold pieces at shops.

Inventory:

Hand Weapons
 b - a +0 hand crossbow of freezing
 y - a +3 hand axe of draining
 M - the +9 hunting sling of Patience (weapon) {freeze, Fragile rPois Int-2 Dex+8}
   (You bought it in a shop on level 7 of the Dungeon)

   It causes projectiles fired from it to freeze those they strike, causing
   extra injury to most foes and up to half again as much damage against
   particularly susceptible opponents.
   They can also slow down cold-blooded creatures.
   It affects your intelligence (-2).
   It affects your dexterity (+8).
   It protects you from poison.
   It will be destroyed if unequipped.
 W - the +6 hunting sling "Moemupn" {flame, rPois Stlth+}
   (You found it on level 1 of the Lair of Beasts)

   It causes projectiles fired from it to burn those they strike, causing extra
   injury to most foes and up to half again as much damage against particularly
   susceptible opponents.
   It protects you from poison.
   It makes you more stealthy.
Missiles
 E - a sling bullet (quivered)
 J - 60 stones
Armour
 q - a +2 plate armour of magic resistance
 x - a +2 hat of intelligence (worn)
 A - the +0 leather armour "Kixij" (worn) {Int+3}
   (You found it on level 4 of the Dungeon)

   It affects your intelligence (+3).
 H - +0 acid dragon scales
 I - a +4 shield of protection (worn)
 O - a +0 cloak (worn)
 U - a +0 pair of gloves (worn)
Magical Staves
 F - an uncursed staff of poison {unknown}
Jewellery
 h - a ring of protection from fire (right hand)
 n - a +2 amulet of reflection
 B - the amulet "Baohu" (around neck) {RegenMP +Fly rElec rF+ rC++ Stlth-}
   (You bought it in a shop on level 9 of the Dungeon)

   [amulet of magic regeneration]

   It increases your magic regeneration.
   It protects you from fire.
   It greatly protects you from cold.
   It insulates you from electricity.
   It lets you fly.
   It makes you less stealthy.
 D - an uncursed ring of protection from cold
 P - an uncursed ring of magical power
 X - a +4 ring of intelligence (left hand)
 Y - a +1 ring of evasion {unknown}
Wands
 a - a wand of clouds (5)
 l - a wand of acid (14)
 s - a wand of flame (53)
 G - a wand of scattershot (4)
 N - a wand of paralysis (14)
 Q - a wand of iceblast (21)
 R - a wand of digging (14)
Scrolls
 i - 3 scrolls of amnesia
 j - 4 scrolls of enchant weapon
 k - 4 scrolls of identify
 o - 4 scrolls of remove curse
 u - a scroll of enchant armour
 w - 15 scrolls of teleportation
 C - a scroll of fog
 K - a scroll of fear
 S - a scroll of magic mapping
 T - 2 scrolls of blinking
Potions
 c - 9 potions of curing
 d - a potion of mutation
 e - 6 potions of haste
 g - 2 potions of might
 m - 3 potions of invisibility
 p - 5 potions of heal wounds
 r - 2 potions of resistance
 t - 3 potions of brilliance
 v - 2 potions of ambrosia
 z - 6 potions of cancellation
 L - 2 potions of flight
Miscellaneous
 V - a fan of gales
 Z - a lightning rod (4/4)
Comestibles
 f - 38 rations


   Skills:
 + Level 12.9 Fighting
 + Level 10.6 Short Blades
 + Level 10.3 Long Blades
 + Level 11.2 Axes
 + Level 10.3 Maces & Flails
 + Level 10.3 Polearms
 + Level 10.3 Staves
 + Level 10.3 Slings
 + Level 10.3 Bows
 + Level 10.3 Crossbows
 + Level 10.3 Throwing
 + Level 10.3 Armour
 + Level 10.6 Dodging
   Level 0.0 Stealth
 + Level 11.2 Shields
 + Level 10.3 Unarmed Combat
 + Level 10.3 Spellcasting
 + Level 8.7 Conjurations
 + Level 8.7 Hexes
 + Level 8.7 Charms
 + Level 8.7 Summonings
 + Level 8.7 Necromancy
 + Level 8.7 Translocations
 + Level 8.7 Transmutations
 + Level 8.7 Fire Magic
 + Level 8.7 Ice Magic
 + Level 8.7 Air Magic
 + Level 8.7 Earth Magic
 + Level 8.7 Poison Magic
 + Level 11.1 Invocations
 + Level 10.3 Evocations


You had 11 spell levels left.
You knew the following spells:

 Your Spells              Type           Power        Failure   Level  Hunger
a - Shock                 Conj/Air       ####         1%          1    None
b - Swiftness             Chrm/Air       #####...     1%          2    None
c - Static Discharge      Conj/Air       #####...     1%          3    None
d - Mephitic Cloud        Conj/Pois/Air  #####...     1%          3    None
e - Conjure Flame         Conj/Fire      #####...     1%          3    None
f - Blink                 Tloc           N/A          1%          2    None
g - Airstrike             Air            #####.....   3%          4    ##.....
h - Lightning Bolt        Conj/Air       #####.....   9%          5    ####...


Dungeon Overview and Level Annotations

Branches:
Dungeon (14/15)            Temple (1/1) D:4            Lair (6/6) D:10
  Swamp (1/4) Lair:4        Snake (1/4) Lair:2        Slime (0/5) Lair:5
    Orc (2/2) D:12            Elf (0/3) Orc:2        Vaults (0/5) D:13

Altars:
Ashenzari
Dithmenos
Elyvilon
Fedhas
Gozag
Hepliaklqana
Kikubaaqudgha
Makhleb
Qazlal
Ru
Sif Muna
Trog
Uskayaw
Wu Jian
Xom
Zin
The Shining One
Beogh

Shops:
D:7 (**(   D:9 =   Orc:2 (*[(

Annotations:
D:10 Fannar
D:14 Chudej's ghost, journeyman DECj


Innate Abilities, Weirdness & Mutations

Your experience applies equally to all skills.
You have very sharp teeth.
You are clumsy. (Dex -2)
You cannot drink potions while threatened.
You cannot be stealthy.
You are hated by all.
You have somewhat slow reflexes. (EV -5)
You are somewhat inexperienced. (-2 XL)
Your uncanny sense of smell can sniff out nearby items.


Message History

The orb of energy hits you!
* * * LOW HITPOINT WARNING * * *
Casting: Blink
Confirm with . or Enter, or press ? or * to list all spells.
You blink.
The centaur warrior shoots an arrow.
You block the arrow.
You see here an arrow.
You cannot drink potions in your current state!
You redirect Chudej's ghost's attack!
You can drink potions again.
Chudej's ghost whispers, "There is no future for you."
Chudej's ghost points at you and mumbles some strange words.
The magic dart hits you!
The centaur warrior is stunned by your will and fails to attack.
You see here an arrow.
You feel yourself speed up.
Chudej's ghost gestures at you while chanting.
The lance of force hits you!
You feel threatened and lose the ability to drink potions!
You die...

#...##....###.$..#
#..........#.....+
#..........#.....#
#.....(....#).[..#
#######'###.....#.....
....#.....#....##...#
....#.....#....##)..#####
....#...#.#...c##........
###'#...#.#...YW@........
....#...#.#..............
....#...#.#..............
....#.....#..............
....###'###..............
....##...##..............
###+##...##+#####################
.... #...[.......................
.... #...#..###..#...........####


You could see a centaur warrior, an ice beast and Chudej's ghost.

Vanquished Creatures
  Rupert (Lair:5)
  Gastronok (Lair:1)
  The ghost of aloneDruid the Thaumaturge, a journeyman GnWr of Ashenzari (D:12)
  A naga warrior (Snake:1)
  6 hydras
  Harold (D:11)
  3 vault guards
  2 catoblepae (Lair:6)
  An anaconda (Snake:1)
  4 two-headed ogres
  A centaur warrior (D:14)
  A tengu warrior (D:13)
  4 death yaks (Lair:4)
  5 orc high priests
  Sonja (D:10)
  Nergalle (Lair:2)
  2 unseen horrors (D:14)
  Pikel (D:6)
  A necromancer (D:13)
  3 wolf spider zombies
  2 ugly things
  A wolf spider (Lair:6)
  4 orc sorcerers
  4 cyclopes
  4 centaur zombies
  Maurice (D:9)
  9 black mambas
  A guardian serpent (Lair:6)
  17 elephants (Lair:6)
  16 spiny frogs
  7 komodo dragons
  4 rime drakes
  A queen bee (D:11)
  8 polar bears
  3 trolls
  3 hornets
  17 blink frogs
  12 dream sheep
  7 hippogriffs
  5 redbacks (Lair:6)
  2 vampires
  4 wraiths
  11 wyverns
  38 yaks
  A golden eye (shapeshifter) (D:14)
  A basilisk (Lair:5)
  A redback simulacrum (D:13)
  2 hungry ghosts
  4 vampire mosquitoes (D:14)
  Grum (Lair:2)
  A soldier ant (D:13)
  4 nagas
  A warg (Orc:2)
  3 acid dragons
  5 swamp worms (Lair:4)
  28 water moccasins
  7 porcupines
  9 black bears
  20 orc warriors
  Duvessa (D:7)
  3 phantoms
  2 sky beasts
  3 ice beasts
  A slave (D:6)
  A necrophage (D:8)
  13 wolves
  9 ogres
  8 centaurs
  20 crocodiles
  3 big kobolds
  15 bullfrogs
  Dowan (D:7)
  4 scorpions
  A wyvern skeleton (D:10)
  35 killer bees
  6 wights (D:9)
  7 howler monkeys
  9 electric eels
  A bullfrog zombie (D:6)
  6 crimson imps
  A quasit (D:12)
  2 bullfrog skeletons
  4 hounds
  6 centaur skeletons
  8 jellies
  27 orc wizards
  37 orc priests
  Natasha (twice) (D:4)
  3 iguanas
  5 worker ants
  2 hound zombies
  A worker ant zombie (D:11)
  3 gnolls (D:4)
  18 adders
  2 shadow imps
  12 white imps (D:12)
  4 oozes
  An adder zombie (D:6)
  An adder skeleton (D:4)
  2 worms
  3 dart slugs
  7 leopard geckos
  81 orcs
  11 bats
  4 giant cockroaches
  17 goblins
  12 hobgoblins
  12 jackals
  2 quokkas
  A ball python (D:1)
  5 frilled lizards
  A giant cockroach zombie (D:5)
  15 kobolds
  A quokka skeleton (D:8)
  6 rats
  4 fungi (Lair:6)
782 creatures vanquished.

Vanquished Creatures (others)
  A hydra (Lair:5)
  A vault guard (D:13)
  A wizard (D:14)
  An elephant (Lair:6)
  A black mamba (Lair:6)
  A hippogriff (D:14)
  2 yaks
  An orc warrior (Orc:1)
  A killer bee (D:11)
  A jackal (D:6)
  3 bushes
  33 fungi
  49 plants
96 creatures vanquished.

Grand Total: 878 creatures vanquished

Notes
Turn   | Place    | Note
-------+----------+-------------------------------------------
     0 | D:1      | Fascinator the Gnoll Wanderer began the quest for the Orb.
     0 | D:1      | Fascinator set off with: a +2 hand axe, a +0 spear, a potion of curing, a +0 robe, a ration
     0 | D:1      | Reached XP level 1. HP: 26/26 MP: 1/1
   100 | D:1      | Reached XP level 2. HP: 33/33 MP: 2/2
   401 | D:1      | Reached XP level 3. HP: 28/38 MP: 3/3
   630 | D:2      | Reached skill level 1 in Invocations
   902 | D:2      | Reached skill level 1 in Long Blades
   902 | D:2      | Reached skill level 1 in Maces & Flails
   902 | D:2      | Reached skill level 1 in Polearms
   902 | D:2      | Reached skill level 1 in Staves
   902 | D:2      | Reached skill level 1 in Slings
   902 | D:2      | Reached skill level 1 in Bows
   902 | D:2      | Reached skill level 1 in Crossbows
   902 | D:2      | Reached skill level 1 in Throwing
   902 | D:2      | Reached skill level 1 in Armour
   902 | D:2      | Reached skill level 1 in Stealth
   902 | D:2      | Reached skill level 1 in Unarmed Combat
   902 | D:2      | Reached skill level 1 in Spellcasting
   902 | D:2      | Reached skill level 1 in Evocations
   902 | D:2      | Reached XP level 4. HP: 45/45 MP: 5/5
  1116 | D:2      | Found a shimmering altar of Xom.
  1339 | D:2      | Found a shimmering altar of Xom.
  1340 | D:2      | Found a shimmering altar of Xom.
  1371 | D:2      | You fall through a shaft!
  1436 | D:3      | Reached skill level 1 in Conjurations
  1436 | D:3      | Reached skill level 1 in Hexes
  1436 | D:3      | Reached skill level 1 in Charms
  1436 | D:3      | Reached skill level 1 in Summonings
  1436 | D:3      | Reached skill level 1 in Necromancy
  1436 | D:3      | Reached skill level 1 in Translocations
  1436 | D:3      | Reached skill level 1 in Transmutations
  1436 | D:3      | Reached skill level 1 in Fire Magic
  1436 | D:3      | Reached skill level 1 in Ice Magic
  1436 | D:3      | Reached skill level 1 in Air Magic
  1436 | D:3      | Reached skill level 1 in Earth Magic
  1436 | D:3      | Reached skill level 1 in Poison Magic
  1443 | D:3      | Reached XP level 5. HP: 38/51 MP: 5/7
  1726 | D:3      | Found a shattered altar of Ashenzari.
  2337 | D:2      | Reached XP level 6. HP: 55/57 MP: 8/8
  2516 | D:4      | Found a blossoming altar of Fedhas.
  2517 | D:4      | Found an ancient bone altar of Kikubaaqudgha.
  2747 | D:4      | Got a heavily runed leather armour
  2758 | D:4      | Identified the +0 leather armour "Kixij" {Int+3} (You found it on level 4 of the Dungeon)
  2797 | D:4      | Reached skill level 5 in Axes
  2797 | D:4      | Reached skill level 5 in Shields
  2813 | D:4      | Noticed a phantom
  2833 | D:4      | Killed a phantom
  2833 | D:4      | Reached XP level 7. HP: 56/63 MP: 10/10
  3223 | D:4      | Found a staircase to the Ecumenical Temple.
  3232 | Temple   | Entered the Ecumenical Temple
  3258 | Temple   | Became a worshipper of Ru the Awakened
  3387 | D:4      | Noticed Natasha
  3392 | D:4      | Killed Natasha
  3470 | D:4      | Noticed Natasha
  3477 | D:4      | Killed Natasha
  3658 | D:5      | Entered Level 5 of the Dungeon
  3728 | D:5      | Found a shadowy altar of Dithmenos.
  3894 | D:5      | Reached skill level 9 in Fighting
  4410 | D:6      | Reached XP level 8. HP: 61/71 MP: 12/12
  4450 | D:6      | Gained mutation: You cannot be stealthy. [Ru sacrifice]
  4610 | D:6      | Noticed Pikel
  4629 | D:6      | Killed Pikel
  4719 | D:6      | Found a stormy altar of Qazlal.
  4946 | D:6      | Reached XP level 9. HP: 74/76 MP: 14/14
  5126 | D:7      | Found a shadowy altar of Dithmenos.
  5180 | D:7      | Found a stormy altar of Qazlal.
  5441 | D:7      | Found Ublozoz's Antique Weapon Emporium.
  5443 | D:7      | Found Zupuodop's Assorted Antiques.
  5451 | D:7      | Bought a runed shield for 210 gold pieces
  5685 | D:7      | Noticed Dowan
  5693 | D:7      | Noticed Duvessa
  5706 | D:7      | Killed Duvessa
  5708 | D:7      | Reached skill level 5 in Short Blades
  5708 | D:7      | Reached skill level 5 in Dodging
  5715 | D:7      | Killed Dowan
  5784 | D:7      | Found Quydari's Antique Weapon Emporium.
  5832 | D:7      | Found Qufrauq's General Store.
  6254 | D:7      | Bought a fine hunting sling for 130 gold pieces
  6254 | D:7      | Identified the +9 hunting sling of Patience {freeze, Fragile rPois Int-2 Dex+8} (You bought it in a shop on level 7 of the Dungeon)
  6267 | D:7      | Learned a level 1 spell: Shock
  6271 | D:7      | Learned a level 3 spell: Static Discharge
  6282 | D:7      | Learned a level 2 spell: Swiftness
  6499 | D:8      | Gained mutation: You are hated by all. [Ru sacrifice]
  6499 | D:8      | Reached * piety under Ru
  6499 | D:8      | Reached ** piety under Ru
  6571 | D:8      | Reached skill level 5 in Invocations
  6615 | D:8      | Noticed a hornet
  6621 | D:8      | Killed a hornet
  6621 | D:8      | Reached XP level 10. HP: 84/84 MP: 15/17
  6934 | D:8      | Learned a level 3 spell: Static Discharge
  6938 | D:8      | Learned a level 3 spell: Mephitic Cloud
  6942 | D:8      | Learned a level 3 spell: Conjure Flame
  6945 | D:8      | Learned a level 2 spell: Blink
  7155 | D:8      | Found the +5 scythe "Finisher" {speed, Str+3}
  7210 | D:8      | Reached skill level 5 in Long Blades
  7210 | D:8      | Reached skill level 5 in Maces & Flails
  7210 | D:8      | Reached skill level 5 in Polearms
  7210 | D:8      | Reached skill level 5 in Staves
  7210 | D:8      | Reached skill level 5 in Slings
  7210 | D:8      | Reached skill level 5 in Bows
  7210 | D:8      | Reached skill level 5 in Crossbows
  7210 | D:8      | Reached skill level 5 in Throwing
  7210 | D:8      | Reached skill level 5 in Armour
  7210 | D:8      | Reached skill level 5 in Unarmed Combat
  7210 | D:8      | Reached skill level 5 in Spellcasting
  7210 | D:8      | Reached skill level 5 in Evocations
  7407 | D:9      | Found a white marble altar of Elyvilon.
  7407 | D:9      | Found Woruc's Jewellery Shop.
  7476 | D:9      | Found an opulent altar of Gozag.
  7495 | D:9      | Reached skill level 10 in Fighting
  7657 | D:9      | Noticed Maurice
  7663 | D:9      | Killed Maurice
  7890 | D:10     | Entered Level 10 of the Dungeon
  7939 | D:10     | Found a huge runed gate.
  7939 | D:10     | Found a huge runed gate.
  7939 | D:10     | Found a huge runed gate.
  7939 | D:10     | Found a huge runed gate.
  7983 | D:10     | Found a staircase to the Lair.
  7993 | D:10     | Noticed Sonja
  7998 | D:10     | Killed Sonja
  8396 | D:10     | Noticed a cyclops
  8402 | D:10     | Killed a cyclops
  8402 | D:10     | Reached XP level 11. HP: 91/91 MP: 19/19
  8686 | D:11     | Noticed Fannar
  9234 | D:11     | Noticed a red ugly thing
  9245 | D:11     | Killed a red ugly thing
  9282 | D:11     | Noticed a cyclops
  9289 | D:11     | Killed a cyclops
  9399 | D:11     | Noticed a four-headed hydra
  9407 | D:11     | Killed a four-headed hydra
  9407 | D:11     | Reached skill level 5 in Conjurations
  9407 | D:11     | Reached skill level 5 in Hexes
  9407 | D:11     | Reached skill level 5 in Charms
  9407 | D:11     | Reached skill level 5 in Summonings
  9407 | D:11     | Reached skill level 5 in Necromancy
  9407 | D:11     | Reached skill level 5 in Translocations
  9407 | D:11     | Reached skill level 5 in Transmutations
  9407 | D:11     | Reached skill level 5 in Fire Magic
  9407 | D:11     | Reached skill level 5 in Ice Magic
  9407 | D:11     | Reached skill level 5 in Air Magic
  9407 | D:11     | Reached skill level 5 in Earth Magic
  9407 | D:11     | Reached skill level 5 in Poison Magic
  9531 | D:11     | Gained mutation: You are somewhat inexperienced. (-2 XL) [Ru sacrifice]
  9531 | D:11     | Reached XP level 10. HP: 48/86 MP: 2/19
  9531 | D:11     | Reached XP level 9. HP: 48/79 MP: 2/18
  9531 | D:11     | Reached *** piety under Ru
  9531 | D:11     | Reached **** piety under Ru
  9618 | D:11     | Noticed a two-headed ogre
  9631 | D:11     | Killed a two-headed ogre
  9631 | D:11     | Reached XP level 10. HP: 66/86 MP: 19/19
  9761 | D:11     | Noticed Harold
  9779 | D:11     | Killed Harold
  9917 | D:11     | Noticed a two-headed ogre
  9924 | D:11     | Killed a two-headed ogre
 10075 | D:12     | Noticed aloneDruid's ghost (journeyman GnWr)
 10568 | D:10     | Reached XP level 11. HP: 40/92 MP: 0/21
 10894 | D:12     | Killed aloneDruid's ghost
 11048 | D:12     | Found a staircase to the Orcish Mines.
 11437 | D:12     | Got a slimy mace
 11438 | D:12     | Identified the +1 mace "Beamib" {crush, Stlth+} (You found it on level 12 of the Dungeon)
 11522 | D:12     | Reached skill level 11 in Fighting
 11804 | D:12     | Noticed a two-headed ogre
 11810 | D:12     | Killed a two-headed ogre
 12118 | D:12     | Gained mutation: You have somewhat slow reflexes. (EV -5) [Ru sacrifice]
 12118 | D:12     | Reached ***** piety under Ru
 12435 | Lair:1   | Entered Level 1 of the Lair of Beasts
 12715 | Lair:1   | Noticed Gastronok
 13068 | Lair:1   | Reached XP level 12. HP: 100/100 MP: 23/23
 13619 | Lair:1   | Got a smoking hunting sling
 13653 | Lair:1   | Killed Gastronok
 13930 | Lair:2   | Found a staircase to the Snake Pit.
 14004 | Lair:2   | Noticed Grum
 14013 | Lair:2   | Killed Grum
 14477 | Lair:2   | Gained mutation: You are clumsy. (Dex -2) [Ru sacrifice]
 14801 | Lair:2   | Noticed Nergalle
 14808 | Lair:2   | Killed Nergalle
 15579 | Lair:3   | Learned a level 4 spell: Airstrike
 15911 | Lair:3   | Reached XP level 13. HP: 106/106 MP: 25/25
 16012 | Lair:3   | Identified the +6 hunting sling "Moemupn" {flame, rPois Stlth+} (You found it on level 1 of the Lair of Beasts)
 16492 | Lair:4   | Gained mutation: You cannot drink potions while threatened. [Ru sacrifice]
 16492 | Lair:4   | Reached ****** piety under Ru
 16578 | Lair:4   | Learned a level 5 spell: Lightning Bolt
 17004 | Lair:4   | Found a staircase to the Swamp.
 18209 | Lair:5   | Noticed Rupert
 18396 | Lair:5   | Found a staircase to the Slime Pits.
 18532 | Lair:5   | Paralysed by Rupert for 2 turns
 18581 | Lair:5   | Killed Rupert
 19013 | Lair:5   | Reached skill level 12 in Fighting
 19013 | Lair:5   | Reached skill level 10 in Axes
 19013 | Lair:5   | Reached skill level 10 in Shields
 19171 | Lair:5   | You fall through a shaft!
 19171 | Lair:6   | Entered Level 6 of the Lair of Beasts
 19257 | Lair:6   | Reached XP level 14. HP: 48/115 MP: 6/27
 19611 | Lair:6   | Reached skill level 10 in Invocations
 20996 | Lair:6   | Reached skill level 10 in Short Blades
 20996 | Lair:6   | Reached skill level 10 in Dodging
 21642 | Lair:1   | Identified a scroll of acquirement
 21681 | D:9      | Bought the amulet "Baohu" {RegenMP +Fly rElec rF+ rC++ Stlth-} for 692 gold pieces
 21746 | Orc:1    | Entered Level 1 of the Orcish Mines
 21954 | Orc:1    | Paralysed by an orc sorcerer for 2 turns
 22438 | Orc:2    | Entered Level 2 of the Orcish Mines
 22448 | Orc:2    | Found a roughly hewn altar of Beogh.
 22519 | Orc:2    | Found a staircase to the Elven Halls.
 22571 | Orc:2    | Reached XP level 15. HP: 81/122 MP: 7/28
 23890 | Orc:2    | Found a roughly hewn altar of Beogh.
 23993 | Orc:2    | Found Ysicsant's Weapon Boutique.
 23993 | Orc:2    | Found Loseq's Assorted Antiques.
 23994 | Orc:2    | Found Codiaz's Antique Weapon Shop.
 23997 | Orc:2    | Found Xuiwisua's Armour Boutique.
 24155 | Orc:2    | Bought 19 sling bullets for 133 gold pieces
 24306 | Swamp:1  | Entered Level 1 of the Swamp
 24379 | Snake:1  | Entered Level 1 of the Snake Pit
 24798 | D:13     | Reached skill level 10 in Long Blades
 24798 | D:13     | Reached skill level 10 in Maces & Flails
 24798 | D:13     | Reached skill level 10 in Polearms
 24798 | D:13     | Reached skill level 10 in Staves
 24798 | D:13     | Reached skill level 10 in Slings
 24798 | D:13     | Reached skill level 10 in Bows
 24798 | D:13     | Reached skill level 10 in Crossbows
 24798 | D:13     | Reached skill level 10 in Throwing
 24798 | D:13     | Reached skill level 10 in Armour
 24798 | D:13     | Reached skill level 10 in Unarmed Combat
 24798 | D:13     | Reached skill level 10 in Spellcasting
 24798 | D:13     | Reached skill level 10 in Evocations
 25796 | D:13     | Found a gate to the Vaults.
 27008 | D:14     | Noticed Chudej's ghost (journeyman DECj)
 27042 | D:14     | Killed from afar by Chudej's ghost

Skill      XL: |  1  2  3  4  5  6  7  8  9 10 11 12 13 14 15 |
---------------+----------------------------------------------+-----
Invocations    | 1 2 3 4 7 6 8 9 10 11 | 11.1
Long Blades    | 1 2 3 4 5 7 8 9 10 | 10.3
Maces & Flails | 1 2 3 4 5 7 8 9 10 | 10.3
Polearms       | 1 2 3 4 5 7 8 9 10 | 10.3
Staves         | 1 2 3 4 5 7 8 9 10 | 10.3
Slings         | 1 2 3 4 5 7 8 9 10 | 10.3
Bows           | 1 2 3 4 5 7 8 9 10 | 10.3
Crossbows      | 1 2 3 4 5 7 8 9 10 | 10.3
Throwing       | 1 2 3 4 5 7 8 9 10 | 10.3
Armour         | 1 2 3 4 5 7 8 9 10 | 10.3
Stealth        | 1 2 0 |  0.0
Unarmed Combat | 1 2 3 4 5 7 8 9 10 | 10.3
Spellcasting   | 1 2 3 4 5 7 8 9 10 | 10.3
Evocations     | 1 2 3 4 5 7 8 9 10 | 10.3
Conjurations   | 1 2 3 4 6 7 8 |  8.7
Hexes          | 1 2 3 4 6 7 8 |  8.7
Charms         | 1 2 3 4 6 7 8 |  8.7
Summonings     | 1 2 3 4 6 7 8 |  8.7
Necromancy     | 1 2 3 4 6 7 8 |  8.7
Translocations | 1 2 3 4 6 7 8 |  8.7
Transmutations | 1 2 3 4 6 7 8 |  8.7
Fire Magic     | 1 2 3 4 6 7 8 |  8.7
Ice Magic      | 1 2 3 4 6 7 8 |  8.7
Air Magic      | 1 2 3 4 6 7 8 |  8.7
Earth Magic    | 1 2 3 4 6 7 8 |  8.7
Poison Magic   | 1 2 3 4 6 7 8 |  8.7
Short Blades   | 3 4 5 7 8 9 10 | 10.6
Dodging        | 3 4 5 7 8 9 10 | 10.6
Axes           | 5 6 8 9 10 11 | 11.2
Shields        | 5 6 8 9 10 11 | 11.2
Fighting       | 9 10 11 12 | 12.9

Action                   |  1- 3 |  4- 6 |  7- 9 | 10-12 | 13-15 || total
-------------------------+-------+-------+-------+-------+-------++-------
Melee: Hand axe          |    81 |   196 |   351 |       |       ||   628
       Bite              |    10 |    28 |    42 |       |     1 ||    81
       Rapier            |       |     3 |       |       |       ||     3
       Punch             |       |     1 |     2 |       |       ||     3
       Hunting sling     |       |       |       |       |     7 ||     7
 Fire: Hunting sling     |       |       |    65 |   948 |  1035 ||  2048
 Cast: Shock             |       |       |    10 |    52 |   431 ||   493
       Static Discharge  |       |       |       |    15 |   166 ||   181
       Mephitic Cloud    |       |       |       |     8 |    79 ||    87
       Conjure Flame     |       |       |       |     1 |     6 ||     7
       Swiftness         |       |       |       |     1 |       ||     1
       Airstrike         |       |       |       |       |    23 ||    23
       Lightning Bolt    |       |       |       |       |     6 ||     6
       Blink             |       |       |       |       |     3 ||     3
Invok: Sacrifice Stealth |       |       |     1 |       |       ||     1
       Draw Out Power    |       |       |     1 |       |     1 ||     2
       Sacrifice Love    |       |       |     1 |       |       ||     1
       Sacrifice Experie |       |       |     1 |       |       ||     1
       Sacrifice Health  |       |       |       |     1 |       ||     1
       Sacrifice Purity  |       |       |       |     1 |       ||     1
       Sacrifice Drink   |       |       |       |       |     1 ||     1
Evoke: Wand              |       |       |       |       |    12 ||    12
       Lightning rod     |       |       |       |       |     4 ||     4
       Fan of gales      |       |       |       |       |     1 ||     1
  Use: Scroll            |       |     2 |    19 |    10 |     4 ||    35
       Potion            |       |       |       |     5 |     2 ||     7
 Stab: Sleeping          |     1 |       |       |       |       ||     1
  Eat: Chunk             |       |     4 |     9 |    18 |    23 ||    54
       Ration            |       |     1 |     2 |     3 |     4 ||    10
Armor: Robe              |     2 |       |       |       |       ||     2
       Scale mail        |    27 |       |       |       |       ||    27
       Plate armour      |       |   156 |   229 |       |       ||   385
       Leather armour    |       |       |     5 |    66 |    92 ||   163
Dodge: Dodged            |    37 |    46 |    96 |   196 |   213 ||   588
Block: Shield            |       |       |    78 |   335 |   364 ||   777
